Cogmind - Beta 17.1 @@@ ROGUE MODE // 2026.09.25 @ 01:23:38 Player: Caluan Result: Destroyed by OA-JGU(R) with Subdweller Beam Cannon Performance ------------- Evolutions (0) 0 Regions Visited (3) 600 Robots Destroyed (39) 195 Value Destroyed (903) 903 Prototype IDs (1) 20 Alien Tech Used (0) 0 Bonus (0) 0 TOTAL SCORE: 1718 Bonus ------- None Cogmind --------- Core Integrity 0/250 Matter 286/300 Energy 62/100 System Corruption 2% Temperature Cool (47) Movement Core (900) Ox17 Location -10/Subcaves Parts ------- > --- POWER (1) -------- Subdweller Power Source > --- PROPULSION (2) --- (None) > --- UTILITY (2) ------ Disposable Heat Sink High-capacity Storage Unit > --- WEAPON (2) ------- Subdweller Beam Cannon > --- INVENTORY (20) --- Subdweller Power Source Wheel Subdweller Monowheel Subdweller Monowheel Small Storage Unit High-capacity Battery (250) Improved Terrain Scanner Seismic Detector Scrap Shield Improved EM Shotgun Subdweller Laser Subdweller Laser Autogun Autogun Autogun Datajack Makeshift Hammer Peak State ------------ > --- POWER ------------ Subdweller Power Source > --- PROPULSION ------- Light Treads Wheel > --- UTILITY ---------- Disposable Heat Sink High-capacity Storage Unit > --- WEAPON ----------- Subdweller Laser Makeshift Hammer > --- INVENTORY -------- Subdweller Power Source Wheel Subdweller Monowheel Subdweller Monowheel Small Storage Unit High-capacity Battery Improved Terrain Scanner Seismic Detector Scrap Shield Improved EM Shotgun Subdweller Laser Subdweller Laser Subdweller Beam Cannon Autogun Autogun Autogun Datajack [Rating: 16] Favorites ----------- Power Ion Engine Engine Ion Engine Propulsion Light Treads Treads Light Treads Wheel Wheel Utility High-capacity Storage Unit Device Disposable Heat Sink Storage High-capacity Storage Unit Weapon Improved EM Shotgun Energy Gun Improved EM Shotgun Energy Cannon Subdweller Beam Cannon Ballistic Gun Autogun Impact Weapon Makeshift Hammer Build | -11 -10 -10 -10 ------- Run | Yrd Mat Min Sub Slots Evolved . | . . . . Power . | . . . . Propulsion . | . . . . Utility . | . . . . Weapon . | . . . . Parts Attached 26 | 6 9 2 9 Power 4 | 1 . . 3 Engine 4 | 1 . . 3 Core . | . . . . Reactor . | . . . . Propulsion 5 | 2 . 2 1 Treads 4 | 2 . 2 . Leg . | . . . . Wheel 1 | . . . 1 Hover . | . . . . Flight . | . . . . Utility 5 | 1 3 . 1 Device 3 | . 2 . 1 Storage 2 | 1 1 . . Processor . | . . . . Hackware . | . . . . Protection . | . . . . Artifact . | . . . . Weapon 12 | 2 6 . 4 Energy Gun 6 | 1 4 . 1 Energy Cannon 3 | . 2 . 1 Ballistic Gun 2 | 1 . . 1 Ballistic Cannon . | . . . . Launcher . | . . . . Special Weapon . | . . . . Impact Weapon 1 | . . . 1 Slashing Weapon . | . . . . Piercing Weapon . | . . . . Special Melee Weapon . | . . . . Unidentified Prototypes 1 | . 1 . . Parts Lost 13 | . 3 2 8 Power 2 | . . . 2 Propulsion 5 | . . 2 3 Utility 2 | . 1 . 1 Weapon 4 | . 2 . 2 Highest Loss Streak 3 | . 2 2 3 To Critical Strikes . | . . . . Average Backups 14 | 2 12 11 15 Power . | . 1 1 . Propulsion 3 | . 3 2 3 Utility 4 | . 3 4 4 Weapon 5 | . 3 3 5 Tool/Special . | . . . . Unused Backups 17 | . 2 . 15 Power 1 | . . . 1 Propulsion 3 | . . . 3 Utility 6 | . . . 6 Weapon 6 | . 2 . 4 Tool/Special 1 | . . . 1 Average Slot Usage (%) 96 | . 97 99 95 Engine 13 | . 14 14 13 Treads 26 | . 28 27 25 Wheel 1 | . . . 1 Device 10 | . 11 14 9 Storage 14 | . 14 14 14 Energy Gun 19 | . 23 28 16 Energy Cannon 4 | . 2 . 5 Ballistic Gun 3 | . 1 . 5 Peak Build Rating 16 | 6 13 12 16 Average Rating 12 | 5 11 11 13 On Entrance 7 | . 6 12 12 Avg Prop Armor Cover (%) 15 | . . . 15 Naked Turns . | . . . . Heaviest Build 60 | 14 52 52 60 Greatest Support 40 | 40 40 40 40 Greatest Overweight (x) 5 | . 1 1 5 Average Overweight (x) 1 | . . 1 1 Largest Inventory Capacity 20 | 8 20 20 20 Average Capacity 19 | 7 18 20 20 Most Carried 19 | 6 15 13 19 Average Carried 14 | 2 12 11 16 Final Capacity 20 | 8 20 20 20 Final Carried 18 | 6 13 11 18 Class Distribution -------------------- 55% | Mutant 44% | Scavenger-Mutant Dominant Class ---------------- Mutant | -10/Materials Mutant | -10/Mines Scavenger-Mutant | -10/Subcaves Resources | -11 -10 -10 -10 ----------- Run | Yrd Mat Min Sub Matter Collected 565 | 272 105 20 168 Remotely . | . . . . Salvage Created 1299 | 57 787 46 409 Parts 92 | 6 55 5 26 Haulers Intercepted 2 | . 2 . . Recyclers Shooed . | . . . . Parts Field Recycled . | . . . . Retrieved Matter . | . . . . Parts Self-Destructed 9 | . . . 9 Prevented . | . . . . Parts Restored . | . . . . Kills | -11 -10 -10 -10 ------- Run | Yrd Mat Min Sub Combat Hostiles Destroyed 30 | . 18 3 9 Guns 21 | . 14 3 4 Cannons 4 | . 2 . 2 AOE 2 | . 2 . . Classes Destroyed 9 | 1 6 . 2 Worker 2 | . 2 . . Tunneler 3 | 3 . . . Hauler 2 | . 2 . . Recycler 1 | . 1 . . Operator 1 | . 1 . . Swarmer 12 | . 9 3 . Grunt 9 | . 9 . . Sentry 1 | . . . 1 Subdweller 8 | . . . 8 Best Kill Streak 5 | 2 5 3 2 Combat Bots Only 4 | . 4 3 2 Max Kills in Single Turn 2 | 1 2 1 1 Gunslinging 1 | . 1 . . Exploded 1 | . 1 . . Melee . | . . . . Uniques/NPCs Destroyed . | . . . . Combat | -11 -10 -10 -10 -------- Run | Yrd Mat Min Sub Hostile Shots Fired 113 | . 61 6 46 Missed 36 | . 17 2 17 Hits 77 | . 44 4 29 Projectile 77 | . 44 4 29 AOE 3 | . . . 3 Critical Strikes 1 | . . . 1 Damage Taken 1411 | . 603 33 775 Core 270 | . 52 7 211 Absorbed by Shields . | . . . . Core Remaining (%) 100 | 100 . . . Volleys Fired 68 | 4 30 3 31 Largest 2 | 2 2 2 2 Hottest 140 | 70 120 90 140 Shots Fired 133 | 8 61 6 58 Gun 114 | 8 49 6 51 Cannon 19 | . 12 . 7 Launcher . | . . . . Special . | . . . . Kinetic 13 | 4 . . 9 Thermal 41 | 4 12 . 25 Explosive . | . . . . Electromagnetic 79 | . 49 6 24 Robot Hit Streak 11 | 3 7 4 11 Robot Miss Streak 4 | 1 4 2 2 Penetration Max . | . . . . Secondary Targets 2 | . 2 . . Max Gunslinging Chain 1 | . 1 . . Shots Hit Robots 99 | 5 46 4 44 Core Hits 50 | 3 31 3 13 Critical Kills . | . . . . Critical Parts Destroyed . | . . . . Critical Strikes . | . . . . Melee Attacks 12 | . . . 12 Impact 12 | . . . 12 Slashing . | . . . . Piercing . | . . . . Sneak Attacks . | . . . . Combat Hostiles . | . . . . Follow-up Attacks . | . . . . Damage Inflicted 1932 | 69 1005 54 804 Guns 1375 | 69 619 46 641 Cannons 286 | . 123 . 163 Explosions 258 | . 258 . . Melee . | . . . . Ramming 13 | . 5 8 . Kinetic 118 | 43 . . 75 Thermal 580 | 26 198 . 356 Explosive 183 | . 183 . . Electromagnetic 1038 | . 619 46 373 Impact . | . . . . Slashing . | . . . . Piercing . | . . . . Highest Corruption 2 | . 2 2 2 Average Corruption 1 | . 1 2 2 Corruption Purged . | . . . . Corruption Blocked . | . . . . Effects 54 | . 8 4 42 Message Errors 13 | . 1 1 11 Matter Fused 13 | . 3 . 10 Heat Flow Errors 7 | . . 2 5 Energy Discharges 9 | . 1 1 7 Data Loss (minor) 4 | . . . 4 Data Loss (major) 2 | . . . 2 Misfires 4 | . 2 . 2 Alerts 2 | . 1 . 1 Overload Shots . | . . . . Overflow Damage 30 | . 30 . . Projectiles . | . . . . Explosions 30 | . 30 . . Melee . | . . . . Knockbacks . | . . . . Impact . | . . . . Kinetic . | . . . . Secondary . | . . . . Self-Inflicted Damage 152 | . 152 . . Shots 3 | . 3 . . Rammed 2 | . 1 1 . Targets Rammed 2 | . 1 1 . Kicked . | . . . . Crushed . | . . . . Highest Temperature 198 | 18 198 139 197 Average Temperature 46 | 8 44 74 52 Received Heat Transfer 324 | . 144 . 180 Siege Activations . | . . . . Martial Activations . | . . . . Shielding Activations . | . . . . Robots Disrupted . | . . . . Combat Hostiles . | . . . . Robots Corrupted 3 | . . . 3 Combat Hostiles 3 | . . . 3 Parts Fried 6 | . 2 . 4 Impact Corruptions . | . . . . Robots Melted . | . . . . Combat Hostiles . | . . . . Parts Melted 2 | . 2 . . Heat Transferred 880 | 74 359 . 447 Parts Sabotaged . | . . . . Parts Stolen . | . . . . Parts Stripped . | . . . . Power Chain Reactions 2 | . 2 . . Alert | -11 -10 -10 -10 ------- Run | Yrd Mat Min Sub Maximum Alert Level 1 | . 1 . . Low Security (%) 78 | 100 67 100 . Level 1 21 | . 32 . . Level 2 . | . . . . Level 3 . | . . . . Level 4 . | . . . . Level 5 . | . . . . High Security . | . . . . Max Security . | . . . . Peak Influence 274 | 10 274 115 . Initial 65 | . . 65 . Average 104 | 1 144 31 . Influence Increases 727 | 15 622 70 20 Destroy 0b10 Robot/C 440 | . 360 60 20 Destroy 0b10 Robot/NC 45 | 15 30 . . Destroy Leader 94 | . 84 10 . Successful Hack 12 | . 12 . . Disable Machine 75 | . 75 . . Destroy Structure 46 | . 46 . . Lose Combat Pursuer 15 | . 15 . . Influence Decreases 727 | 15 454 238 20 Entered New Map 103 | . . 103 . Time Decay 574 | 15 424 115 20 Lost Part 50 | . 30 20 . Squads Dispatched 4 | . 4 . . Investigation 1 | . 1 . . Extermination . | . . . . Reinforcement 3 | . 3 . . Assault . | . . . . Garrison . | . . . . Intercept . | . . . . Searches Triggered . | . . . . Construction Impeded . | . . . . Haulers Reinforced . | . . . . Active Scanning Responses . | . . . . Cargo Convoy Interrupts . | . . . . Stealth | -11 -10 -10 -10 --------- Run | Yrd Mat Min Sub Distress Signals 3 | . 3 . . Communications Jammed . | . . . . Distress Signals . | . . . . Times Spotted 43 | . 29 2 12 Peak Tracking Total 5 | . 5 2 2 Tactical Retreats 1 | . 1 . . Traps | -11 -10 -10 -10 ------- Run | Yrd Mat Min Sub Traps Triggered 2 | . 2 . . Indirectly . | . . . . Trap Hack Attempts . | . . . . Triggered . | . . . . Disarmed . | . . . . Reprogrammed . | . . . . Reused . | . . . . Traps Extracted . | . . . . Installed . | . . . . Triggered . | . . . . Machines | -11 -10 -10 -10 ---------- Run | Yrd Mat Min Sub Machines Disabled 5 | . 5 . . Max in Single Turn 3 | . 3 . . Machines Repaired . | . . . . Machines Dismantled . | . . . . Machines Sabotaged . | . . . . Overloaded Fab Kills . | . . . . Hacking | -11 -10 -10 -10 --------- Run | Yrd Mat Min Sub Machines Accessed 3 | . 3 . . Terminals 3 | . 3 . . Fabricators . | . . . . Repair Stations . | . . . . Recycling Units . | . . . . Scanalyzers . | . . . . Garrison Access . | . . . . Total Hacks 9 | . 9 . . Successful 4 | . 4 . . Failed 5 | . 5 . . Catastrophic 1 | . 1 . . Database Lockouts . | . . . . Manual 9 | . 9 . . Terminals 9 | . 9 . . Fabricators . | . . . . Repair Stations . | . . . . Recycling Units . | . . . . Scanalyzers . | . . . . Garrison Access . | . . . . Terminal Hacks 2 | . 2 . . Robot Analysis 1 | . 1 . . Branch Access Points 1 | . 1 . . Fabricator Hacks . | . . . . Repair Station Hacks . | . . . . Recycling Unit Hacks . | . . . . Scanalyzer . | . . . . Garrison Access Hacks . | . . . . Unauthorized Hacks 2 | . 2 . . Terminals 2 | . 2 . . Botnet 2 | . 2 . . Fabricators . | . . . . Repair Stations . | . . . . Recycling Units . | . . . . Scanalyzers . | . . . . Garrison Access . | . . . . Data Cores Recovered . | . . . . Used . | . . . . Hacking Detections 3 | . 3 . . Full Trace Events 1 | . 1 . . Feedback Events . | . . . . Feedback Blocked . | . . . . Robot Schematics Acquired . | . . . . Robots Built . | . . . . Authchips . | . . . . Time . | . . . . Total Robot Build Rating . | . . . . Part Schematics Acquired . | . . . . Parts Built . | . . . . Authchips . | . . . . Time . | . . . . Total Part Build Rating . | . . . . Part Studies Acquired . | . . . . Parts Repaired . | . . . . Time . | . . . . Parts Recycled . | . . . . Recycled Matter . | . . . . Retrieved Matter . | . . . . Retrieved Components . | . . . . Parts Scanalyzed . | . . . . Part Schematics Acquired . | . . . . Parts Damaged . | . . . . Bothacking | -11 -10 -10 -10 ------------ Run | Yrd Mat Min Sub Used RIF Installer . | . . . . Robots Hacked . | . . . . Non-combat . | . . . . Combat . | . . . . Robot Hacks Applied . | . . . . Relay Couplers Released . | . . . . Fabnet Peak Effective % . | . . . . Robots Rewired . | . . . . Allies Hacked . | . . . . Hacks Repelled . | . . . . Allies | -11 -10 -10 -10 -------- Run | Yrd Mat Min Sub Total Allies . | . . . . Largest Group . | . . . . Highest-Rated Group . | . . . . Highest-Rated Ally . | . . . . Total Orders . | . . . . Ally Attacks . | . . . . Total Damage . | . . . . Kills . | . . . . Allies Corrupted . | . . . . Allies Melted . | . . . . Intel | -11 -10 -10 -10 ------- Run | Yrd Mat Min Sub Active Infowar (turns) . | . . . . Robot Analysis Total 1 | . 1 . . Derelict Logs Recovered 2 | . . 1 1 Drone Launches . | . . . . Drone Recoveries . | . . . . Exploration | -11 -10 -10 -10 ------------- Run | Yrd Mat Min Sub Turns Passed 5216 | 147 1218 446 3405 Spaces Moved 2181 | 85 473 181 1442 Core 19 | 19 . . . Treads 1889 | 66 473 181 1169 Legs . | . . . . Wheels 273 | . . . 273 Hover . | . . . . Flight . | . . . . Fastest Speed 50 | 50 160 240 155 Average Speed 222 | 135 227 240 223 Slowest Speed 240 | 160 240 240 240 Overloaded Moves . | . . . . Propulsion Burnouts . | . . . . Robots Hopped . | . . . . Potential Cave-ins . | . . . . Cave-ins Triggered . | . . . . Exploration Rate (%) 41 | 3 69 34 59 Regions Visited 3 Branch Regions 2 Pre-discovered Areas . | . . . . Known Exits Taken 1 | . 1 . . Unknown Exits Taken 2 | 1 . 1 . Scrap Searched 3 | . . . 3 Spaces Dug . | . . . . Terrain Destroyed 47 | . 47 . . Melee . | . . . . Projectile . | . . . . AOE 47 | . 47 . . Terrain Rammed . | . . . . Walls Destroyed . | . . . . Machines Disabled . | . . . . Actions | -11 -10 -10 -10 --------- Run | Yrd Mat Min Sub Total 2399 | 109 553 186 1551 Wait 64 | 3 22 . 39 Move 2178 | 84 472 180 1442 Hop . | . . . . Pick Up 39 | 12 13 . 14 Fast Attach 4 | . 4 . . Attach 15 | 6 2 2 5 Detach . | . . . . Swap 8 | . 3 . 5 Drop 9 | . 6 . 3 Fire 68 | 4 30 3 31 Melee 12 | . . . 12 Ram . | . . . . Kick . | . . . . Crush 2 | . 1 1 . Escape Stasis . | . . . . Rewire . | . . . . Trap . | . . . . Miscellaneous . | . . . . Route ------- -11/Scrapyard -10/Materials (discovered 4 exits: [*Mat x2] / *Min / [*Sub]) -10/Mines -10/Subcaves (discovered 2 exits: [*Mat x2]) History --------- Turn | Location | Event 8 | -11/Scrapyard | Discovered new exit (range 14) 148 | -11/Scrapyard | Entered Materials 184 | -10/Materials | Identified exit to Mines 331 | -10/Materials | Build established: Mutant 551 | -10/Materials | Discovered new exit (range 8) 864 | -10/Materials | Discovered new exit (range 5) 1009 | -10/Materials | Discovered new exit (range 8) 1366 | -10/Materials | Entered Mines 1505 | -10/Mines | Learned 4 Materials zone layouts 1800 | -10/Mines | Discovered new exit (range 6) 1812 | -10/Mines | Entered Subcaves 1813 | -10/Subcaves | Approached by a straggling Scientist 1827 | -10/Subcaves | Learned Materials stockpile data 2432 | -10/Subcaves | Core integrity fell below 50% 2934 | -10/Subcaves | Discovered new exit (range 11) 3181 | -10/Subcaves | Build established: Scavenger-Mutant 3649 | -10/Subcaves | Shifting Twisted Machinery released Shrapnel Trap 3674 | -10/Subcaves | Shifting Twisted Machinery released Mak. Hammer 3709 | -10/Subcaves | Shifting Twisted Machinery released Battle Cannon 3964 | -10/Subcaves | Shifting Twisted Machinery released Mak. Axe 4001 | -10/Subcaves | Discovered new exit (range 13) 4729 | -10/Subcaves | Ambushed by Subdweller buried in earth 4730 | -10/Subcaves | Core integrity fell below 20% 5113 | -10/Subcaves | Shifting Twisted Machinery released Scrap Shield 5217 | -10/Subcaves | Destroyed by OA-JGU(R) with Subdweller Beam Cannon Last Messages --------------- 04821_ Acquired 21 matter. 04898_ System corrupted: Substantial component data lost. 04969_ System corrupted: Energy discharge (-80). 05004_ System corrupted: Substantial component data lost. 05015_ M4-V6Z(u) builds Twisted Machinery. 05039_ System corrupted: FCS attempts to trigger Sub. Laser. 05039_ System corrupted: Sub. Laser misfires. Scrap Shield falls loose from the Twisted Machinery. 05125_ Dropped Scrap Shield. 05126_ Acquired Scrap Shield. 05164_ System corrupted: Matter fused (-9). 05211_ Lgt. Treads destroyed. 05212_ Sub. Power Source shoots sparks and powers down. 05213_ Sub. Laser destroyed. 05213_ Wheel destroyed. Map ----- +----------------------------------------------------+ | ?????????????????????????????????????????????????? | | ?????????????????????????????????????????????????? | | ?????????????????????????????????????????????????? | | ?????????????????????????????????????????????????? | | ?????????????????????????????????????????????????? | | ?????????????????????????????????????????????????? | | ???????????????????????? ? ??????????????????????? | | ???????????????????????? ??????????????????????? | | ??????????????????????? ???????????????????????? | | ??????????????????????# ????????????????????????? | | ????????????????????## #???????????????????????? | | ?????###????????????# ""#???????????????????????? | | ????## ##???????????# """#???????????????????????? | | ????# #?????????### ""#???????????????????????? | | ???## #????###### #?????????????????????????? | | ??## ##?### ##????????????????????????? | | ?## ### #????????????????????????? | | ?# #????????????????????????? | | ?# ## #??##????????????????????? | | ?## ###### ### # """????????????????? | | ??###?????# ""????????????????? | | ??????????# """ ""???????????????? | | ??????????# ### "#"##"?"?????????????????? | | ??????????# ##?# # ##??????????????????????? | | ??????????# #??# # ###"" "#???????????????? | | ??????????# ### ## @ R"" #??????????????? | | ????????### ###### ##" " #??????????????? | | ???????## ## #????###??##? ##??????????????? | | ???????? # ##?????????????????????????????? | | ?????????# # #??????????????????????????????? | | ?????????# #??????????????????????????????? | | ?????????## ##?????????????????????????????? | | ????????### #?????????????????????????????? | | ????????# """"#?????????????????????????????? | | ###?????##### " "##????????????????????????????? | | # ##??#### " " #????????????????????????????? | | #??# " ""#????????????????????????????? | | ##?# """"""##???????????????????????????? | | ### "#???????????????????????????? | | ## ! " ?????????????????????? | | ## "" ????????????????????? | | ### "## # ?????????????????????? | | #?## ##?????? ?????????????????????? | | #?# #??????????????????????????????? | | ### ##?# #??????????????????????????????? | | #?# ##?? #??????????????????????????????? | | ## ##??? ??????????????????????????????? | | #???? ###?????????????????????????????? | | #???? #???????????????????????????????? | | ## #????## #???????????????????????????????? | +----------------------------------------------------+ Best States ------------- Heat Dissipation 35 Coolant Potential 50 Energy Generation 15 Energy Capacity 265 Matter Stores 300 Matter Capacity 300 Sight Range 16 Terrain Scan Density 10 Evasion (%) 50 Recoil Reduction 2 Item Schematics ----------------- None Robot Schematics ------------------ None Fabricated ------------ Nothing Repaired ---------- Nothing Studied --------- None Alien Tech Used ----------------- None Achievements -------------- None Challenges ------------ None Game ------ Seed PointyBladeMantle Manual? 0 Play Time 00:18:11 Cumulative 336.2 hours Start 2026.09.25 @ 01:07:41 End 2026.09.25 @ 01:23:38 Sessions 1 Manual Loads 0 Difficulty Rogue Special Mode None Game No. 379 Rogue 379 Adventurer 0 Explorer 0 Win Type - Total 4 Types 3/0/1/0/0/0/0/0/0/0 Lore% 61 Gallery% 61 Achievement% 49 Wizard Run 0 Options --------- Layout 1 ASCII 0 Keyboard 0 Movement Numpad Keybinds 0 Fullscreen 2 Font 24/Smallcaps Map View 50x35 Zoom Use 0% Tactical HUD 1 Map Filters NONE Filters NONE Steam 1 RUN: 370ff2c5-846d-483a-8ba3-76be197c7ba2